 Dungeon Crawl Stone Soup version 0.31-a0-331-geda263fcf1 (webtiles) character file.

Game seed: 17304529704738074750

1059 mopl the Ruffian (level 8, 0/54 HPs)
             Began as an Octopode Shapeshifter on July 19, 2023.
             Was a Follower of Uskayaw.
             Slain by a hound (5 damage)
             ... on level 5 of the Dungeon.
             The game lasted 00:06:54 (4184 turns).

mopl the Ruffian (Octopode Shapeshifter)            Turns: 4184, Time: 00:06:55

Health: 0/54       AC:  1    Str: 15    XL:     8   Next: 27%
Magic:  8/8        EV: 14    Int: 10    God:    Uskayaw [*.....]
Gold:   188        SH:  0    Dex: 14    Spells: 7/7 levels left

rFire   . .          .
                       - Unarmed
rCold   . . .        (no shield)
rNeg    . . .        (helmet currently unavailable)
rPois   .            i - amulet of the acrobat
rElec   .            t - ring of willpower
rCorr   .            x - +4 ring of slaying
SInv    .            (no ring)
Will    +....        (no ring)
Stlth   ++           (no ring)
HPRegen 0.29/turn    (no ring)
MPRegen 0.11/turn    (no ring)
                     (no ring)

%: acrobat
@: beast-form
A: beast (slay +3), almost no armour, amphibious, 8 rings, camouflage 1,
gelatinous body 1, (nimble swimmer 1), tentacles
a: Begin Untransformation, Renounce Religion, Stomp


You were on level 5 of the Dungeon.
You worshipped Uskayaw.
Uskayaw was noncommittal.
You were a hulking beast.
You visited 2 branches of the dungeon, and saw 6 of its levels.
You also visited: Sewer.

You collected 221 gold pieces.
You spent 33 gold pieces at shops.

Inventory:

Missiles
 f - 28 poisoned darts (quivered)
 l - 6 silver javelins
 r - 3 curare-tipped darts
Jewellery
 i - an amulet of the acrobat (around mantle)
 m - a ring of fire
 t - a ring of willpower (left tentacle)
 x - a +4 ring of slaying (right tentacle)
Talismans
 b - a beast talisman
Wands
 u - a wand of flame (16)
Scrolls
 c - a scroll of poison {unknown}
 e - 3 scrolls of teleportation
 h - a scroll of brand weapon {unknown}
 j - a scroll of noise {unknown}
 p - a scroll of amnesia {unknown}
 s - 2 scrolls of identify {unknown}
 v - 2 scrolls of enchant armour {unknown}
 w - 2 scrolls of vulnerability {unknown}
 y - a scroll of fog {unknown}
Potions
 a - 2 potions of lignification {!q}
 d - 2 potions of mutation {unknown}
 g - 3 potions of curing
 k - 4 potions of haste {unknown}
 n - 3 potions of heal wounds {unknown}
 o - a potion of ambrosia {unknown}
 q - 2 potions of resistance {unknown}


   Skills:
 + Level 4.1 Fighting
 + Level 2.4 Throwing
 + Level 4.0 Dodging
 * Level 5.5 Unarmed Combat
 + Level 0.4 Invocations
 * Level 5.2 Shapeshifting


You had 7 spell levels left.
You didn't know any spells.
Your spell library was empty.

Dungeon Overview and Level Annotations

Branches:
Dungeon (5/15)             Temple (1/1) D:4           Sewer (visited)

Altars:
Ashenzari
Cheibriados
Dithmenos
Elyvilon
Fedhas
Gozag
Kikubaaqudgha
Makhleb
Nemelex Xobeh
Okawaru
Ru
Sif Muna
Trog
Uskayaw
Vehumet
Wu Jian
Xom
Yredelemnul
Zin
The Shining One

Shops:
D:2 *=

Annotations:
D:4 exclusion: oklob plant


Innate Abilities, Weirdness & Mutations

You are a hulking beast.
Your limbs bulge with bestial killing power. (Slay +3)
You cannot wear most types of armour.
You are amphibious.
You can wear up to eight rings at the same time.
Your skin changes colour to match your surroundings (Stealth+).
Your rubbery body absorbs attacks. (AC +1, EV +1)
((You are camouflaged when in or above water. (Stealth+)))
You have tentacles for arms and can constrict up to eight enemies at once.


Message History

A gnoll comes into view. It is wielding a +0 flail.
The gnoll completely misses you.
You tentacle-slap the gnoll. You grab the gnoll. You squeeze the gnoll.
The gnoll is moderately wounded.
You constrict the gnoll.
The gnoll hits you from afar with a +0 spear.
* * * LOW HITPOINT WARNING * * *
The gnoll misses you.
You can now pass through a line of other dancers.
You bludgeon the gnoll!
You kill the gnoll!
The gnoll hits you from afar with a +0 spear.
* * * LOW HITPOINT WARNING * * *
Things that are here:
a +0 dagger; a +0 ring mail
Items here: ) / [ †.
You can no longer pass through a line of other dancers.
A hound comes into view.
The hound barks!
The hound stops to sniff the ground.
The hound closely misses you. The hound bites you.
* * * LOW HITPOINT WARNING * * *
The hound pauses to sniff the ground.
The hound misses you. The hound closely misses you.
The hound completely misses you. The hound attacks as you move away!
The hound closely misses you. The hound bites you.
* * * LOW HITPOINT WARNING * * *
The hound attacks as you move away! The hound misses you. The hound misses you.
You closely miss the hound. You grab the hound. You tentacle-slap the hound!
You squeeze the hound.
The hound is severely wounded.
You constrict the hound. The hound misses you.
The gnoll hits you from afar with a +0 spear.
* * * LOW HITPOINT WARNING * * *
The hound bites you.
You die...

#...>#..# ##...##.##
#...##.#.## ###.g####..#
###..## #...# ##...## ##g#
.... ##..###..### #.# ###
#..##.w## #.# ## #..#.)##
#####.# .#########.....#
#.....#
........##..)#.######.....#
................hhgg......#
....####.#..##..####......#
###.# #....###.# #.......#
#.# ##...# #..#........#
#.# #.... ##....#.....# #..
##... ..#..####### ###
..... ......


You could see a hound and 2 gnolls.

Vanquished Creatures
  7 kobold brigands (Sewer)
  A scorpion (D:4)
  A hound (D:4)
  Ijyb (D:5)
  2 iguanas (D:4)
  2 sleepcaps (D:5)
  13 adders
  5 gnolls
  8 river rats
  An ufetubus (D:4)
  7 worms
  2 dart slugs
  3 orcs
  14 ball pythons
  10 endoplasms
  7 giant cockroaches
  6 goblins
  5 hobgoblins
  2 jackals (D:3)
  2 quokkas (D:2)
  4 bats (D:1)
  3 frilled lizards
  18 kobolds
  9 rats
133 creatures vanquished.

Notes
Turn   | Place    | Note
-------+----------+-------------------------------------------
     0 | D:1      | mopl the Octopode Shapeshifter began the quest for the Orb.
     0 | D:1      | Reached XP level 1. HP: 14/14 MP: 1/1
    89 | D:1      | Reached XP level 2. HP: 18/19 MP: 2/2
   272 | D:1      | Found a faded altar of an unknown god.
   437 | D:1      | Reached XP level 3. HP: 24/24 MP: 3/3
   626 | D:2      | Found Zumeh's General Store.
   632 | D:2      | Bought a potion of attraction for 33 gold pieces
   654 | D:2      | Found Orauruso's Jewellery Emporium.
   728 | D:2      | Reached XP level 4. HP: 19/30 MP: 4/4
   831 | D:2      | Reached skill level 3 in Unarmed Combat
  1729 | D:3      | Reached XP level 5. HP: 10/35 MP: 5/5
  1784 | D:3      | Found a glowing drain.
  1795 | Sewer    | Entered a sewer
  2014 | Sewer    | Noticed a kobold brigand
  2028 | Sewer    | Killed a kobold brigand
  2029 | Sewer    | Reached skill level 3 in Fighting
  2029 | Sewer    | Reached skill level 3 in Dodging
  2029 | Sewer    | Reached skill level 4 in Unarmed Combat
  2029 | Sewer    | Reached skill level 4 in Shapeshifting
  2029 | Sewer    | Reached XP level 6. HP: 30/42 MP: 6/6
  2137 | Sewer    | HP: 2/42 [kobold brigand/+0 short sword (2)]
  2345 | Sewer    | Reached skill level 1 in Throwing
  2345 | Sewer    | Reached XP level 7. HP: 29/46 MP: 7/7
  3226 | D:3      | Reached skill level 5 in Unarmed Combat
  3480 | D:4      | Reached skill level 2 in Throwing
  3480 | D:4      | Reached skill level 5 in Shapeshifting
  3518 | D:4      | Reached XP level 8. HP: 36/54 MP: 8/8
  3649 | D:4      | Found a blossoming altar of Fedhas.
  3661 | D:4      | Noticed an oklob plant
  3721 | D:4      | Found a basalt altar of Yredelemnul.
  3844 | D:4      | Found a staircase to the Ecumenical Temple.
  3850 | D:4      | Reached skill level 4 in Fighting
  3869 | Temple   | Entered the Ecumenical Temple
  3881 | Temple   | Became a worshipper of Uskayaw the Reveller
  4061 | D:5      | Entered Level 5 of the Dungeon
  4096 | D:5      | Reached * piety under Uskayaw
  4097 | D:5      | Reached ** piety under Uskayaw
  4122 | D:5      | Reached skill level 4 in Dodging
  4137 | D:5      | Noticed Ijyb
  4153 | D:5      | Killed Ijyb
  4184 | D:5      | Slain by a hound

Illustrated notes

Levels and vault maps discovered:
D:1:      roderic_crossed_star, layout_basic,
          shapermc_ecumenical_altar_acropolis, minmay_pentomino_r2
D:2:      layout_basic, serial_shops, shop, nicolae_shop_tiny_real_fake_doors
D:3:      layout_loops_corners, lightli_sewer_entry_pipes, serial_bayou_pond_a,
          dk_noncrumbling_4
D:4:      layout_rooms, mainiacjoe_overflow_alcove_4, tgw_fedhas,
          minmay_temple_entry_slanted
D:5:      layout_rooms, uniq_sigmund, uniq_duvessa, uniq_ijyb, uniq_pikel
Temple:   mainiacjoe_temple_coin_purse

Skill      XL: |  1  2  3  4  5  6  7  8 |
---------------+-------------------------+-----
Unarmed Combat | 3 4 5 |  5.5
Fighting       | 3 4 |  4.1
Dodging        | 3 4 |  4.0
Shapeshifting  | 4 5 |  5.2
Throwing       | 1 2 |  2.4
Invocations    | |  0.4

Action                     |  1- 3 |  4- 6 |  7- 9 || total
---------------------------+-------+-------+-------++-------
  Melee: Unarmed           |    64 |   100 |   107 ||   271
         Tentacles         |    15 |    18 |    24 ||    57
         Constrict         |    15 |    28 |    30 ||    73
         Punch             |     1 |     7 |     4 ||    12
  Throw: Dart              |       |       |     1 ||     1
    Use: Potion            |     1 |     2 |       ||     3
         Scroll            |       |       |     1 ||     1
   Stab: Sleeping          |     7 |    10 |     8 ||    25
 Armour: Skin              |     5 |     3 |     2 ||    10
  Dodge: Dodged            |    33 |    39 |    63 ||   135

Table legend: (Time is in decaauts)
 A = Elapsed time spent in this place.
 B = Non-inter-level travel time spent in this place.
 C = Inter-level travel time spent in this place.
 D = Time resting spent in this place.
 E = Time spent auto-exploring this place.
 F = Levels seen in this place.
 G = Mean time per level.
                   A        B        C        D        E       F      G
               +--------+--------+--------+--------+--------+-----+--------+
         Total |   4169 |   4023 |    146 |    528 |   2391 |   7 |  595.6 |
       Dungeon |   3194 |   3071 |    123 |    167 |   2044 |   5 |  638.8 |
        Temple |     24 |      1 |     23 |      0 |      0 |   1 |   24.0 |
         Sewer |    949 |    949 |      0 |    361 |    347 |   1 |  949.0 |
               +--------+--------+--------+--------+--------+-----+--------+

Top non-repeatable levels by time:
     D:3: 962 daAuts
   Sewer: 949 daAuts
     D:2: 933 daAuts
     D:4: 655 daAuts
     D:1: 522 daAuts
     D:5: 121 daAuts
  Temple: 24 daAuts
